[Event "European Corporate Championship 2022"]
[Site "Rotterdam"]
[Date "2022.06.19"]
[Round "7.18"]
[White "Dekker, Derk"]
[Black "Heer, Stephan"]
[Result "1-0"]
[ECO "B06"]
[WhiteElo "1893"]
[BlackElo "2047"]
[Annotator "NA RC"]
[PlyCount "75"]
[EventDate "2022.06.18"]
[EventType "team-tourn"]
[EventCountry "NED"]
[SourceTitle "playchess.com"]
[Source "ChessBase"]
[SourceQuality "1"]
[TimeControl "900+5"]

1. e4 g6 2. d4 Bg7 3. Be3 d6 4. Nc3 a6 5. Bc4 b5 6. Bb3 Bb7 7. f3 Nd7 8. a4 b4 9. Nd5 c5 10. Ne2 e6 11. Ndf4 cxd4 12. Nxd4 e5 13. Nde6 fxe6 14. Nxe6 Qe7 15. Nc7+ Kd8 16. Ne6+ Kc8 17. Qd2 a5 18. c3 Nc5 19. Bxc5 dxc5 20. cxb4 Bh6 21. Qe2 cxb4 22. Qc4+ Kb8 23. Qb5 Nf6 24. Qxe5+ Ka7 25. Qd4+ Kb8 26. Qe5+ Ka7 27. Qxa5+ Kb8 28. Qe5+ Ka7 29. Qd4+ Kb8 30. O-O Ra5 31. Kh1 Rc8 32. Rfd1 Rc6 33. Rd3 Ka8 34. Nd8 Rc7 35. Nxb7 Rxb7 36. Rc1 Ra6 37. Rc8+ Rb8 38. Bd5+ 1-0

[Event "European Corporate Championship 2022"]
[Site "Rotterdam"]
[Date "2022.06.19"]
[Round "7.19"]
[White "Liefrink, Feike"]
[Black "Vosooghi Dizaji, Mehdi"]
[Result "1-0"]
[ECO "A00"]
[WhiteElo "1927"]
[BlackElo "1878"]
[Annotator "NA RC"]
[PlyCount "27"]
[EventDate "2022.06.18"]
[EventType "team-tourn"]
[EventCountry "NED"]
[SourceTitle "playchess.com"]
[Source "ChessBase"]
[SourceQuality "1"]
[TimeControl "900+5"]

1. Nc3 e5 2. Nf3 Nc6 3. d4 exd4 4. Nxd4 Bc5 5. Nf5 Qf6 6. e4 g6 7. Ne3 Nge7 8. Bd3 O-O 9. O-O Ne5 10. Be2 c6 11. f4 Bd6 12. fxe5 Qxe5 13. Ng4 Bc5+ 14. Kh1 1-0

[Event "European Corporate Championship 2022"]
[Site "Rotterdam"]
[Date "2022.06.19"]
[Round "8.1"]
[White "Van Wely, Loek"]
[Black "Pardo Simon, David"]
[Result "1-0"]
[ECO "A41"]
[WhiteElo "2618"]
[BlackElo "2461"]
[Annotator "TA"]
[PlyCount "71"]
[EventDate "2022.06.18"]
[EventType "team-tourn"]
[EventCountry "NED"]
[SourceTitle "playchess.com"]
[Source "ChessBase"]
[SourceQuality "1"]
[TimeControl "900+5"]

1. Nf3 d6 2. d4 g6 3. c4 Bg7 4. Nc3 Bg4 5. g3 Nc6 6. d5 Bxf3 {[%emt 0:00:10] A41: 1 d4 d6: Tartakower System and Modern Defence.} 7. exf3 Nd4 8. Bg2 c5 {[%emt 0:00:14] White is slightly better.} 9. dxc6 bxc6 10. O-O c5 11. f4 Rb8 {[%emt 0:00:40] [#]} 12. Re1 $146 ({Predecessor:} 12. Ne2 Nxe2+ 13. Qxe2 h5 14. Rb1 Nh6 15. Bh3 O-O 16. b3 e6 17. Rd1 Qe7 18. f5 Nxf5 19. Bxf5 gxf5 20. Qxh5 {1-0 (40) Delchev,A (2543)-Murshed,N (2404) Chess.com INT 2020}) 12... Nf6 (12... e6 $11) 13. Nb5 $14 Nxb5 14. Bc6+ (14. cxb5 O-O $11) 14... Kf8 {[%emt 0:01:36] [#] Strongly threatening ...Nd4.} 15. cxb5 ({Much worse is} 15. Bxb5 h5 $11) 15... h5 16. h3 {[%emt 0:02:01] Prevents Ng4.} Qc8 17. Kh2 ({Reject} 17. Qe2 $6 Ng8 $11) (17. Qa4 $16) 17... Rb6 18. Qf3 e6 19. Bd2 d5 (19... Ng8 $14) 20. Rac1 {[%emt 0:00:04] White is much more active. The black rooks are badly placed.} Rxc6 {[%emt 0:01:42] Loses the game.} (20... Ne4 $16 21. Rxe4 dxe4 22. Qxe4 Bxb2) 21. bxc6 $18 Qxc6 22. Bb4 Ne4 {[%emt 0:00:50] [#]} 23. Bxc5+ $1 Nxc5 24. b4 Bd4 25. Red1 ({Much less strong is} 25. bxc5 $6 Kg7 26. Red1 Bf6) 25... Bf6 26. Rxc5 Qb6 27. a3 Kg7 28. Rdc1 Rd8 29. Qd3 h4 30. Kg2 hxg3 31. fxg3 d4 32. Rc7 {[%emt 0:00:25] R1c6 is the strong threat.} a5 $2 (32... Rd6 33. h4 Bd8) 33. R1c6 Qb8 34. b5 a4 35. Qc4 {[%emt 0:00:21][%cal Oc7f7] White threatens Rxf7+! and mate.} d3 36. Qxe6 {[%emt 0:00:11] Weighted Error Value: White=0.11 (very precise) /Black=0.45} 1-0

[Event "European Corporate Championship 2022"]
[Site "Rotterdam"]
[Date "2022.06.19"]
[Round "8.2"]
[White "Jain Aum"]
[Black "Lambrechts, Koen"]
[Result "0-1"]
[ECO "D41"]
[WhiteElo "1591"]
[BlackElo "2349"]
[Annotator "TA"]
[PlyCount "113"]
[EventDate "2022.06.18"]
[EventType "team-tourn"]
[EventCountry "NED"]
[SourceTitle "playchess.com"]
[Source "ChessBase"]
[SourceQuality "1"]
[TimeControl "900+5"]

1. e4 c6 2. d4 d5 3. exd5 cxd5 4. c4 Nf6 5. Nc3 Nc6 6. Nf3 e6 7. a3 Be7 8. cxd5 Nxd5 9. Bc4 O-O 10. O-O a6 {[%emt 0:00:38] [#]} ({Black should play} 10... Nxc3 $15 11. bxc3 b6) 11. Nxd5 $146 {[%emt 0:00:34] D41: Queen's Gambit Declined: Semi-Tarrasch with 5 cxd5.} ({Predecessor:} 11. Qe2 b5 12. Bb3 Bb7 13. Ne4 Nf6 14. Nc5 Nxd4 15. Nxd4 Bxc5 16. Nf3 Qb6 17. Bg5 Nd5 18. Bc2 Rac8 19. Qd3 g6 20. Ne5 Qc7 21. Ng4 f5 22. Nh6+ Kg7 23. Rac1 e5 24. Bb3 Nf4 25. Qc3 Ne2+ {0-1 (25) Gu,X (2219)-Araujo Filho,L (2089) Chess.com INT 2022}) 11... exd5 12. Bd3 Bf6 13. Be3 {[%emt 0:00:45] The position is equal.} Bg4 14. h3 Bh5 15. g4 Bg6 16. Bxg6 hxg6 17. Kg2 Re8 18. Qd3 Qd6 19. b4 Rac8 20. Nd2 g5 21. Rh1 (21. Rac1 {looks sharper.} Bd8 22. Rh1 Ne7 23. Bxg5 Rxc1 24. Rxc1 Ng6 25. Rc8) 21... Qe7 22. Nb3 Qe4+ 23. Qxe4 dxe4 (23... Rxe4 $11 24. Rhc1 Rf8) 24. h4 Red8 (24... gxh4 $11 {remains equal.} 25. g5 Be7) 25. Rad1 Rd5 (25... gxh4 $14 26. g5 Be7) 26. hxg5 $16 Bxg5 27. Rh5 {[%emt 0:00:14] aiming for Rdh1.} f6 {[%emt 0:00:07] [#]} 28. f3 $2 ({White should try} 28. Nc5 $1 $16) 28... exf3+ $15 29. Kxf3 Re8 (29... Ne5+ $17 30. Ke4 {[#]} Nxg4 $1 31. Bxg5 Rxg5 32. Rxg5 Nf2+ 33. Kd5 Nxd1) 30. Bxg5 $11 fxg5 31. Rh2 (31. Rhh1 $11) 31... Ne5+ $17 32. Kg3 Nc4 (32... Ng6 $17 {White must now prevent ...Re3+.} 33. Kf2 Re4) 33. Rd3 $11 Nxa3 34. Nc5 Nb5 35. Nxb7 Nxd4 {[%emt 0:00:43] ( -> ...Ne2+)} 36. Rhd2 Ne2+ 37. Rxe2 $2 {[%emt 0:00:03][%mdl 8192] Loses the game.} Rxd3+ {[%emt 0:00:02] Black mates.} 38. Kf2 Rxe2+ 39. Kxe2 {[%emt 0:00:01] KR-KN} Rd4 40. Nc5 Rxb4 41. Nxa6 Rxg4 42. Kf3 Rc4 43. Nb8 Kh7 44. Nd7 Kh6 45. Ne5 Ra4 46. Ng4+ Kh5 47. Nf2 Rf4+ 48. Kg3 {[%emt 0:00:01] [#]} Rxf2 $1 49. Kxf2 {[%emt 0:00:01] KP-KP} Kh4 50. Kg2 Kg4 51. Kh2 Kf3 52. Kg1 Kg3 53. Kh1 Kf2 54. Kh2 g4 55. Kh1 g6 56. Kh2 g3+ 57. Kh3 {[%emt 0:00:03] Weighted Error Value: White=0.33/Black=0.21 (precise)} 0-1

[Event "European Corporate Championship 2022"]
[Site "Rotterdam"]
[Date "2022.06.19"]
[Round "8.3"]
[White "Groenewold, Jan Joris"]
[Black "Maral Pranav"]
[Result "1-0"]
[ECO "E11"]
[WhiteElo "2134"]
[BlackElo "1329"]
[Annotator "NA RC"]
[PlyCount "51"]
[EventDate "2022.06.18"]
[EventType "team-tourn"]
[EventCountry "NED"]
[SourceTitle "playchess.com"]
[Source "ChessBase"]
[SourceQuality "1"]
[TimeControl "900+5"]

1. d4 Nf6 2. Nf3 e6 3. c4 d5 4. g3 Bb4+ 5. Bd2 a5 6. Bg2 O-O 7. O-O Ra7 8. Qc2 b6 9. Rd1 dxc4 10. Bg5 h6 11. Bf4 Nd5 12. Bc1 b5 13. e4 Nf6 14. Nc3 Bxc3 15. bxc3 Qe7 16. Rb1 Bd7 17. Ne5 Be8 18. a4 Rb7 19. Nxc4 c6 20. axb5 cxb5 21. Nxa5 Ra7 22. Nb3 Nc6 23. d5 exd5 24. exd5 Na5 25. Be3 Ra6 26. Bc5 1-0

[Event "European Corporate Championship 2022"]
[Site "Rotterdam"]
[Date "2022.06.19"]
[Round "8.4"]
[White "Pedersen, Christopher R.N.H."]
[Black "Muller, Kenneth"]
[Result "0-1"]
[ECO "B73"]
[WhiteElo "2118"]
[BlackElo "1884"]
[Annotator "NA RC"]
[PlyCount "52"]
[EventDate "2022.06.18"]
[EventType "team-tourn"]
[EventCountry "NED"]
[SourceTitle "playchess.com"]
[Source "ChessBase"]
[SourceQuality "1"]
[TimeControl "900+5"]

1. e4 c5 2. Nf3 d6 3. d4 cxd4 4. Nxd4 Nf6 5. Nc3 g6 6. Be3 Bg7 7. Be2 Nc6 8. O-O O-O 9. h3 Bd7 10. a3 Rc8 11. Nd5 Nxe4 12. Nxc6 bxc6 13. Nc3 Nxc3 14. bxc3 Bxc3 15. Bxa7 Bxa1 16. Qxa1 Qa5 17. Be3 Qe5 18. Qc1 Ra8 19. g4 Ra4 20. f3 Qg3+ 21. Kh1 Qxh3+ 22. Kg1 Rfa8 23. Rf2 Rxa3 24. Bf1 Qg3+ 25. Kh1 Bxg4 26. Bf4 Qxf2 0-1

[Event "European Corporate Championship 2022"]
[Site "Rotterdam"]
[Date "2022.06.19"]
[Round "8.5"]
[White "Theulings, Paul-Peter"]
[Black "Barski, Radoslaw"]
[Result "0-1"]
[ECO "D37"]
[WhiteElo "2063"]
[BlackElo "2434"]
[Annotator "TA"]
[PlyCount "70"]
[EventDate "2022.06.18"]
[EventType "team-tourn"]
[EventCountry "NED"]
[SourceTitle "playchess.com"]
[Source "ChessBase"]
[SourceQuality "1"]
[TimeControl "900+5"]

1. Nf3 d5 2. d4 e6 3. c4 Nf6 4. Nc3 a6 5. c5 Be7 6. Bf4 Nbd7 7. e3 O-O 8. Bd3 Nh5 {[%emt 0:04:43] D37: Queen's Gambit Declined: 5 Bf4.} 9. O-O f5 {[%emt 0:00:58] [#]} 10. Ne5 $146 (10. a3 $16) ({Predecessor:} 10. Be5 Nhf6 11. b4 Ne4 12. Rc1 Bf6 13. Bxf6 Qxf6 14. a4 c6 15. Nd2 e5 16. Nb3 Nxc3 17. Rxc3 {1-0 (24) Zambrano Linares,R (1968)-Molina Sumoza,J (2146) San Cristobal 2012}) 10... Nxf4 $11 {[%emt 0:01:42] The position is equal.} 11. exf4 Nxe5 12. fxe5 Bd7 13. b4 Qe8 14. f4 g5 15. fxg5 (15. g4 $5 ) 15... Bxg5 16. Qf3 {[%emt 0:00:14] Against Be3+} Kh8 17. Ne2 Rg8 18. Nf4 Bxf4 19. Qxf4 Rg4 20. Qf2 Qg6 (20... Bb5 $11 21. Bxb5 axb5) 21. Rae1 $2 (21. Be2 $14 {stays ahead.}) 21... Bb5 22. Be2 Rg5 {[%emt 0:00:01] Black is more active.} (22... Bxe2 $17 23. Rxe2 Rg8) 23. Qf3 (23. Kh1 $15) 23... Rg8 $17 24. Rf2 Rg4 $36 {[%emt 0:00:01][%mdl 2048] Black is on the roll.} 25. Rd1 Qg5 (25... Qh5 $17 26. Kh1 Qh4 27. Bxb5 axb5) 26. Bxb5 $15 axb5 27. Qe2 {[%emt 0:00:14] [#]} (27. c6 $17) 27... c6 (27... Qh5 $1 $19 {[%cal Og4g2] aiming for ...Rxg2+!} 28. Kh1 Qh4) 28. Qd2 {[%emt 0:00:17] [#]} (28. Rd3 $17 {is a better defense.}) 28... Qh4 (28... Qh5 $1 $19 {[%cal Of5f4] Hoping for ...f4!} 29. Rc1 Rh4) 29. g3 {[%emt 0:00:35][%mdl 8192] White does not recover from this.} (29. Qc3 $17 {is a better chance.}) 29... f4 $1 $19 30. Rg2 fxg3 31. Kh1 gxh2 32. Rxh2 Qg3 {[%emt 0:00:01][%cal Og3g1] ( -> ...Qg1+!)} 33. Qf2 {[%emt 0:00:05] Prevents Qg1+.} Qxf2 34. Rxf2 Re4 35. Rf7 $2 (35. a3 $19) 35... Rh4# {[%emt 0:00:09] Weighted Error Value: White=0.77/Black=0.27 (precise)} 0-1

[Event "European Corporate Championship 2022"]
[Site "Rotterdam"]
[Date "2022.06.19"]
[Round "8.6"]
[White "Celinski, Kamil"]
[Black "Malachi, Avraham"]
[Result "1-0"]
[ECO "C88"]
[WhiteElo "1907"]
[BlackElo "1997"]
[Annotator "NA RC"]
[PlyCount "81"]
[EventDate "2022.06.18"]
[EventType "team-tourn"]
[EventCountry "NED"]
[SourceTitle "playchess.com"]
[Source "ChessBase"]
[SourceQuality "1"]
[TimeControl "900+5"]

1. e4 e5 2. Nf3 Nc6 3. Bb5 a6 4. Ba4 Nf6 5. O-O Be7 6. Re1 b5 7. Bb3 O-O 8. h3 Bb7 9. d3 h6 10. c3 Re8 11. Nbd2 Bf8 12. Nf1 Na5 13. Bc2 c5 14. Ng3 d5 15. Qe2 c4 16. dxc4 dxe4 17. Nxe4 Nxe4 18. Bxe4 Bxe4 19. Qxe4 Nxc4 20. b3 Nd6 21. Qd5 e4 22. Nd4 Qf6 23. Be3 Rac8 24. Ne2 Nf5 25. Bd4 Nxd4 26. Qxd4 Qxd4 27. cxd4 f5 28. Nf4 g5 29. Nd5 Red8 30. Ne3 Bb4 31. Re2 Rf8 32. Nd5 Bd6 33. g4 Kg7 34. a4 b4 35. Ne3 fxg4 36. hxg4 Bf4 37. Nf5+ Kh7 38. Rxe4 h5 39. Re7+ Kg6 40. Re6+ Rf6 41. Ne7+ 1-0

[Event "European Corporate Championship 2022"]
[Site "Rotterdam"]
[Date "2022.06.19"]
[Round "8.7"]
[White "Burstein, Almog"]
[Black "Wisniewski, Jacek"]
[Result "1-0"]
[ECO "B94"]
[WhiteElo "1829"]
[BlackElo "1850"]
[Annotator "NA RC"]
[PlyCount "49"]
[EventDate "2022.06.18"]
[EventType "team-tourn"]
[EventCountry "NED"]
[SourceTitle "playchess.com"]
[Source "ChessBase"]
[SourceQuality "1"]
[TimeControl "900+5"]

1. e4 c5 2. Nf3 d6 3. d4 cxd4 4. Nxd4 Nf6 5. Nc3 a6 6. Bg5 Nbd7 7. Bd3 b5 8. a3 Bb7 9. O-O e6 10. Kh1 Be7 11. f4 Qb6 12. Nb3 O-O 13. Qe2 Qc7 14. Rae1 Nc5 15. e5 dxe5 16. fxe5 Nd5 17. Nxd5 Bxd5 18. Nxc5 Bxg5 19. Ne4 Qxe5 20. Qh5 Bxe4 21. Rxe4 Qd5 22. Rd4 g6 23. Rxd5 gxh5 24. Rxg5+ Kh8 25. Rxh5 1-0

[Event "European Corporate Championship 2022"]
[Site "Rotterdam"]
[Date "2022.06.19"]
[Round "8.8"]
[White "Basiaga, Sebastian"]
[Black "Breger, Baruch"]
[Result "1-0"]
[ECO "B01"]
[WhiteElo "1749"]
[BlackElo "1739"]
[Annotator "NA RC"]
[PlyCount "59"]
[EventDate "2022.06.18"]
[EventType "team-tourn"]
[EventCountry "NED"]
[SourceTitle "playchess.com"]
[Source "ChessBase"]
[SourceQuality "1"]
[TimeControl "900+5"]

1. e4 d5 2. exd5 Nf6 3. d4 Bg4 4. Be2 Bxe2 5. Qxe2 Qxd5 6. Nf3 e6 7. O-O Nc6 8. Be3 O-O-O 9. c4 Qh5 10. Nc3 Ng4 11. h3 Nxe3 12. fxe3 Be7 13. a3 Rd7 14. b4 Bf6 15. b5 Ne7 16. Ne4 Nf5 17. Rad1 Qh6 18. Rfe1 Bh4 19. Nxh4 Qxh4 20. Qf3 h5 21. Nc5 Nd6 22. Nxd7 Kxd7 23. c5 Nf5 24. e4 Nh6 25. d5 e5 26. d6 c6 27. bxc6+ bxc6 28. Rb1 g5 29. Qf6 Ng4 30. Qe7+ 1-0

[Event "European Corporate Championship 2022"]
[Site "Rotterdam"]
[Date "2022.06.19"]
[Round "8.9"]
[White "Nijboer, Friso"]
[Black "Schelvis, Richard"]
[Result "1-0"]
[ECO "B40"]
[WhiteElo "2464"]
[BlackElo "2157"]
[Annotator "RC"]
[PlyCount "55"]
[EventDate "2022.06.18"]
[EventType "team-tourn"]
[EventCountry "NED"]
[SourceTitle "playchess.com"]
[Source "ChessBase"]
[SourceQuality "1"]
[TimeControl "900+5"]

1. e4 c5 2. Nf3 e6 3. d4 cxd4 4. Nxd4 Nf6 5. Nc3 Qb6 6. Nb3 Bb4 7. Bd2 d5 8. exd5 exd5 9. a3 Bd6 10. Be3 Qd8 11. Be2 O-O 12. O-O Nc6 13. Bf3 Be6 14. g3 Be5 15. Nd4 Nxd4 16. Bxd4 Bxd4 17. Qxd4 Qd7 18. Rad1 Rfd8 19. Ne2 Rac8 20. c3 b6 21. Nf4 Rc4 22. Qe3 Bg4 23. Nxd5 Nxd5 24. Rxd5 Qc8 25. Rxd8+ Qxd8 26. Rd1 Qc8 27. Bxg4 Rxg4 28. Qe7 1-0

[Event "European Corporate Championship 2022"]
[Site "Rotterdam"]
[Date "2022.06.19"]
[Round "8.10"]
[White "Jap Tjoen San, Linda"]
[Black "De Vreugt, Dennis"]
[Result "0-1"]
[ECO "C54"]
[WhiteElo "2045"]
[BlackElo "2393"]
[Annotator "TA"]
[PlyCount "94"]
[EventDate "2022.06.18"]
[EventType "team-tourn"]
[EventCountry "NED"]
[SourceTitle "playchess.com"]
[Source "ChessBase"]
[SourceQuality "1"]
[TimeControl "900+5"]

1. e4 {[%emt 0:00:02] Ramirez Alvarez,A} e5 2. Nf3 Nc6 3. Bc4 Nf6 4. d3 Bc5 5. c3 d6 6. h3 h6 7. O-O O-O 8. Bb3 Bb6 {[%emt 0:00:06] 8...a5 is a critical line. C54: Giuoco Piano: 4 c3 Nf6, main lines with 5 d4 and 5 d3.} 9. Nbd2 Ne7 (9... Re8 {with more complications.} 10. Re1 Ne7 11. Nf1 Ng6) 10. d4 Ng6 {[%emt 0:00:02] The position is equal.} 11. Bc2 Be6 12. Re1 c6 13. Nf1 {[%emt 0:00:31] [#]} exd4 $146 ({Predecessor:} 13... Re8 14. Ng3 Qd7 15. Be3 Rad8 16. a4 Bc7 17. a5 a6 18. Qc1 d5 19. Bxh6 exd4 {1-0 (36) Hou,Y (2629)-Stefanova,A (2486) Beijing 2013 CBM 158 Extra [Ramirez Alvarez,A]}) 14. Nxd4 Bd7 15. Ng3 Re8 16. f4 Nh4 17. Kh2 Qe7 18. a4 Rad8 19. a5 Bc7 20. Nf3 d5 21. Nxh4 {[%emt 0:00:42] [#]} ({White should play} 21. e5 $14) 21... Ng4+ $1 $15 {[%emt 0:00:02][%mdl 64] Discovered Attack} 22. Kg1 Qxh4 23. Qd3 (23. Qf3 $15 dxe4 24. Rxe4) 23... dxe4 $19 24. Rxe4 {[%emt 0:00:01] [#]} (24. Qe2) 24... Rxe4 $2 (24... Bf5 $1 $19 25. Qe2 (25. Nxf5 {gets mated.} Qf2+ 26. Kh1 Qe1+ 27. Rxe1 Rxe1+) 25... Bxe4 26. Nxe4 Nf6) 25. Qxe4 $4 (25. Nxe4 $17 Bf5 26. Qe2 Bxe4 27. Bxe4) 25... Qxg3 26. hxg4 {[%emt 0:00:02] [#]} g6 $2 (26... Re8 $1 $19 {[%cal Re8e4] has better winning chances.} 27. Qh7+ Kf8 28. Qh8+ Ke7 29. Qxg7 Kd8) 27. Bd2 $2 (27. Qf3 $17 Qe1+ 28. Qf1) 27... Qxg4 {[%emt 0:00:07] Strongly threatening ...Bf5.} ({Don't go for} 27... Bxg4 $2 28. Be1 Qxf4 29. Qxf4 Bxf4 30. Bf2 $19) 28. Qf3 (28. Bd1 $142 Qh4 29. Bf3) 28... Qxf3 29. gxf3 Bf5 30. Bxf5 Rxd2 {[%emt 0:00:01][%mdl 4096] Endgame KRB-KRB} 31. Bc8 Rxb2 32. a6 bxa6 (32... Bxf4 33. axb7 Kf8 34. Ra6 $17) 33. Rxa6 Bb6+ 34. Kh1 Rb3 35. Kg2 Rxc3 36. Ra4 f5 37. Ra1 Rd3 38. Re1 Kf7 39. Be6+ Kf6 40. Bc4 Rd2+ 41. Kh3 Rd6 {[%emt 0:00:00] Prevents Re6+.} 42. Re8 g5 (42... a5 $19 {Threatens to win with ...h5.} 43. Rf8+ Ke7 44. Rf7+ Kd8) 43. Rf8+ $17 Kg6 {[%emt 0:00:00] Hoping for ...Rd4.} 44. Kg3 $2 (44. Rg8+ $17 {was necessary.} Kh7 45. fxg5) 44... Be3 45. fxg5 (45. Rg8+ {was the only chance.} Kh7 46. fxg5) 45... hxg5 $19 ({Not} 45... Kxg5 $2 46. Rg8+ Kf6 47. Bb3 $19) 46. Rf7 $2 (46. Rg8+ $19 Kh7 47. Re8) 46... Rd2 47. Rc7 Bf4+ {[%emt 0:00:00] Weighted Error Value: White=0.71/Black=0.44} 0-1

[Event "European Corporate Championship 2022"]
[Site "Rotterdam"]
[Date "2022.06.19"]
[Round "8.11"]
[White "Jonkman, Harmen"]
[Black "Hol, Camile"]
[Result "1-0"]
[ECO "B22"]
[WhiteElo "2384"]
[BlackElo "2000"]
[Annotator "TA"]
[PlyCount "117"]
[EventDate "2022.06.18"]
[EventType "team-tourn"]
[EventCountry "NED"]
[SourceTitle "playchess.com"]
[Source "ChessBase"]
[SourceQuality "1"]
[TimeControl "900+5"]

1. e4 c5 2. Nf3 e6 3. c3 d5 4. exd5 Qxd5 5. d4 Nc6 6. Be3 cxd4 7. cxd4 Nf6 8. Nc3 Bb4 9. Bd3 O-O 10. O-O Qa5 11. Qc2 h6 12. a3 {[%emt 0:00:44] B22: Sicilian: 2 c3.} Bxc3 13. bxc3 Bd7 {[%emt 0:00:52] [#]} (13... e5 $14) 14. c4 $146 (14. Rfb1 $16) ({Predecessor:} 14. Rfb1 Qc7 15. Qc1 Ng4 16. Bf4 e5 17. dxe5 Ncxe5 18. Nxe5 Nxe5 19. Qe3 Rfe8 20. Re1 {1-0 (35) Moradi,K (2033)-Berntsen Oybo,A (1909) Uppsala 2015}) 14... Rac8 15. Rfb1 Qc7 16. Qd2 {[%emt 0:04:50][%cal Oe3h6] Black must now prevent Bxh6!} Qa5 (16... Ng4 $1 $14) 17. Rxb7 Qxd2 18. Bxd2 Rfd8 19. Be3 {[%emt 0:01:46] White is much more active.} a5 20. Kf1 a4 21. Ke2 Na5 22. Rb4 Bc6 23. Ne5 $1 Nb3 {[%emt 0:01:20] [#]} 24. Nxc6 $1 Rxc6 25. Rd1 Kf8 26. Bc2 (26. Rxa4 $6 Nxd4+ 27. Ke1 Rc7 $16) (26. Bb1 $18) 26... Na5 {[%emt 0:00:18] [#]} (26... Nd5 $16 {might work better.} 27. Bxb3 (27. Rxa4 Nc3+ 28. Kf3 Nxd1 $11) 27... Nxb4 28. axb4 (28. Bxa4 Ra6 $14) 28... axb3) 27. Bd3 $2 (27. Bxa4 $6 Rxc4 28. Rxc4 Nxc4 $16) ({White should try} 27. Kd3 $1 $18) 27... Rdc8 $2 (27... Nb3 $11 {and Black stays safe.}) 28. Rc1 $18 ({Much less strong is} 28. Rxa4 $6 Nxc4 29. Rc1 Nxe3 30. Rxc6 Rxc6 $16) ({But not} 28. c5 Nd5 29. Kf3 R6c7 30. Rxa4 Nc3) 28... Nb3 29. Rb1 ({Not} 29. Rxa4 Nxc1+ 30. Bxc1 Rb6 $14) 29... Na5 (29... Rd8 $16 {was called for.}) 30. Rxa4 ({Only move:} 30. c5 $18 Nd5 31. Be4) 30... Nxc4 $16 31. Ra7 {[%emt 0:00:21] Bxc4 is the strong threat.} Nd5 {[%emt 0:00:00] Strongly threatening ...Nc3+.} 32. Kf3 $2 (32. Bd2 $16 {keeps the pressure on.}) 32... Nd6 $2 (32... Ndxe3 $19 33. fxe3 Nd2+ 34. Kf4 Nxb1 35. Bxb1 Rc3) 33. a4 (33. Bd2 $16) 33... Rc3 $11 34. Rd1 Nb4 35. Be2 Ra3 36. g4 {[%emt 0:00:15] Prevents Nf5.} Nd5 (36... g5 $11) 37. Rd3 $1 $14 Ra2 {[%emt 0:00:05] [#]} 38. Bf1 (38. Rb3 $1 $16) 38... Nb6 $2 {[%emt 0:00:08] Inhibits Rd7.} (38... Rcc2 $15 {keeps the upper hand.}) 39. a5 (39. Rb3 $16 Nd5 40. a5) 39... Nbc4 $11 40. a6 {[%emt 0:00:01] aiming for Rb3.} Nb5 41. Rb7 $36 {[%emt 0:00:15][%mdl 2048] Black is under pressure.} Ncd6 {[%emt 0:00:03][%mdl 8192] White stays focused until the end.} (41... Nbd6 $11) 42. Rb6 $18 Ke7 43. Bf4 Ra8 (43... Rcc2 $142 44. Bg3 Rc1) 44. Rd1 R2xa6 (44... Ra3+ $142 45. Kg2 Rd8 46. Bxb5 Nxb5 47. Rxb5 Rxa6) 45. Rxb5 $2 (45. Bxd6+ Nxd6 46. Bxa6) 45... Nxb5 46. Bxb5 {[%emt 0:00:01] This bishop pair is nice.} Ra3+ 47. Kg2 Rb3 (47... g5 $142) 48. Be2 Ra2 $2 (48... f6 {was necessary.} 49. Rc1 Rd8) 49. Bf3 (49. Bc4 $142 Rbb2 50. Bxa2 Rxa2 51. Rb1) 49... Rbb2 50. Be3 g5 51. Rc1 Ra7 $2 (51... Rb3) 52. d5 Rd7 (52... Ra6 $142 53. Rc7+ Ke8 54. dxe6 Rxe6) 53. Bc5+ Kd8 54. d6 {[%emt 0:00:02] Prevents Rc7.} Rb8 $2 (54... Rb5 55. h4 gxh4) 55. Bc6 Rc8 56. Bb6+ {[%emt 0:00:07] White mates.} Ke8 57. Bc7 e5 58. Kf3 f6 59. Ke4 {[%emt 0:00:02] Weighted Error Value: White=0.68/Black=0.83} 1-0